[Event "Titled Tuesday Blitz December 20 Late 2022"]
[White "Shoker, Samy"]
[Black "Lazavik, Denis"]
[WhiteFideId "627143"]
[BlackFideId "13515110"]
[WhiteElo "2493"]
[BlackElo "2484"]
[Result "0-1"]
[Round "03"]
[TimeControl "180+1"]
[Date "2022.12.20"]
[WhiteClock "0:00:25"]
[BlackClock "0:01:46"]

1. c4 Nf6 2. g3 e6 3. Bg2 d5 4. Nf3 Be7 5. b3 O-O 6. Bb2 c5 7. O-O Nc6 8. e3 b6 9. Nc3 Bb7 10. cxd5 Nxd5 11. Nxd5 Qxd5 12. d4 Qf5 13. Ne5 Nxe5 14. Bxb7 Rab8 15. Bg2 Rfd8 16. Qb1 Qxb1 17. Raxb1 Nd3 18. Bc3 cxd4 19. Bxd4 Nb4 20. a4 Bf6 21. Bxf6 gxf6 22. Rfd1 Kf8 23. Rbc1 Rxd1+ 24. Rxd1 Ke7 25. Rc1 Rd8 26. Rc7+ Rd7 27. Rxd7+ Kxd7 28. Kf1 Kd6 29. Ke2 Kc5 30. Kd2 f5 31. Bf3 a5 32. Bh5 f6 33. Bf7 Kd6 34. Kc3 Nd5+ 35. Kc4 Nc7 36. Bg8 h6 37. Bh7 Ke5 38. Kd3 Kd5 39. e4+ fxe4+ 40. Bxe4+ Kc5 41. h4 f5 42. Bg2 Ne8 43. f3 Nf6 44. Bh3 Nh5 45. Ke3 Nxg3 46. Kf4 Ne2+ 47. Ke5 Nd4 48. f4 Nxb3 49. Kxe6 Nd4+ 50. Kf6 b5 51. axb5 a4 52. Bf1 a3 53. b6 a2 54. b7 Nc6 0-1


[Site "https://www.chess.com"]

[Event "Titled Tuesday Blitz December 20 Late 2022"]
[White "Shuvalova, Polina"]
[Black "Herman, Daniel"]
[WhiteFideId "24171760"]
[BlackFideId "30935008"]
[WhiteElo "2361"]
[BlackElo "1897"]
[Result "1-0"]
[Round "03"]
[TimeControl "180+1"]
[Date "2022.12.21"]
[WhiteClock "0:00:05"]
[BlackClock "0:00:04"]

1. d4 Nf6 2. Nf3 g6 3. c4 Bg7 4. Nc3 O-O 5. e4 d6 6. Be2 e5 7. d5 a5 8. O-O Na6 9. Be3 Ng4 10. Bg5 f6 11. Bh4 Nc5 12. Nd2 Nh6 13. f3 Nf7 14. Qc2 Bh6 15. Bf2 f5 16. b3 Qg5 17. Rad1 f4 18. Kh1 Qh5 19. a3 Bg5 20. b4 axb4 21. axb4 Na6 22. Qb2 Bh4 23. Bg1 Bg3 24. Ra1 Bd7 25. Rfc1 g5 26. Nf1 Rae8 27. Nb5 Nh8 28. Rxa6 bxa6 29. Nxc7 Re7 30. c5 Ng6 31. cxd6 Rg7 32. Ne6 g4 33. fxg4 Qh4 34. Bf3 Rf6 35. Rc7 Bxe6 36. dxe6 Rxe6 37. Qb3 Nf8 38. d7 Qd8 39. Bb6 Rxd7 40. Rxd7 Qxd7 41. hxg3 fxg3 42. Bc5 Ng6 43. Qd5 Qf7 44. Nxg3 Nf4 45. Qd8+ Kg7 46. Qg5+ Rg6 47. Nf5+ Kh8 48. Qd8+ Rg8 49. Qd6 Qg6 50. Qxe5+ Rg7 51. Qb8+ Rg8 52. Qe5+ Rg7 53. Qxf4 1-0


[Site "https://www.chess.com"]

[Event "Titled Tuesday Blitz December 20 Late 2022"]
[White "Sielecki, Christof"]
[Black "Ibarra Jerez, Jose Carlos"]
[WhiteFideId "4620437"]
[BlackFideId "2226332"]
[WhiteElo "2443"]
[BlackElo "2638"]
[Result "1/2-1/2"]
[Round "03"]
[TimeControl "180+1"]
[Date "2022.12.21"]
[WhiteClock "0:00:23"]
[BlackClock "0:00:03"]

1. e4 c5 2. Nf3 Nc6 3. Bb5 e6 4. O-O Nge7 5. Re1 Nd4 6. Nxd4 cxd4 7. c3 a6 8. Bf1 Nc6 9. cxd4 Nxd4 10. Nc3 Bc5 11. d3 O-O 12. Be3 f5 13. Ne2 Qb6 14. Nxd4 Bxd4 15. Bxd4 Qxd4 16. Qd2 b5 17. Qc3 Qxc3 18. bxc3 Bb7 19. a4 fxe4 20. dxe4 bxa4 21. Rxa4 Rfc8 22. Rb1 Bc6 23. Rxa6 Bxe4 24. Rxa8 Rxa8 25. Re1 Bc6 26. f3 Ra3 27. Re3 Kf8 28. Kf2 Ke7 29. h4 Kd6 30. h5 h6 31. g4 Ra2+ 32. Kg3 Ra4 33. f4 Ra1 34. Bh3 Ke7 35. g5 Kf7 36. gxh6 gxh6 37. f5 exf5 38. Bxf5 Kf6 39. Bh3 Rg1+ 40. Kh4 Rg5 41. Rd3 Ke7 42. Re3+ Kf6 43. Rd3 d5 44. Rg3 Rxg3 45. Kxg3 Kg5 46. Bg4 Be8 47. Bf3 Bf7 48. Bg2 Kf5 49. Bf3 Ke5 50. Kh4 Kf4 51. Bg2 Be6 52. Bh1 Ke3 53. Bg2 Kd3 54. Kg3 Kxc3 55. Kf4 d4 56. Ke5 Bf7 57. Bf3 d3 58. Kf6 Be8 59. Kg7 d2 60. Kxh6 Kd4 61. Kg7 Ke3 62. Bg4 Bd7 63. Bd1 Kf2 64. h6 Bf5 65. h7 Bxh7 66. Kxh7 Ke1 67. Bg4 Kf2 68. Kg6 Ke3 69. Kg5 d1=R 70. Bxd1 1/2-1/2


[Site "https://www.chess.com"]

[Event "Titled Tuesday Blitz December 20 Late 2022"]
[White "Sivakumar, Shaaketh"]
[Black "Donchenko, Alexander"]
[WhiteFideId "30940176"]
[BlackFideId "24603295"]
[WhiteElo "2174"]
[BlackElo "2581"]
[Result "0-1"]
[Round "03"]
[TimeControl "180+1"]
[Date "2022.12.20"]
[WhiteClock "0:00:48"]
[BlackClock "0:01:09"]

1. d4 Nf6 2. c4 e6 3. g3 c5 4. d5 exd5 5. cxd5 d6 6. Nc3 g6 7. Bg2 Bg7 8. Nf3 O-O 9. O-O Re8 10. Bf4 Bf5 11. Nd2 Nh5 12. Be3 a6 13. a4 Nd7 14. h3 Nxg3 15. fxg3 Rxe3 16. Kh2 h5 17. Nc4 Qg5 18. Nxe3 Qxe3 19. Rf3 Qh6 20. e4 Bg4 21. hxg4 hxg4+ 22. Kg1 Bd4+ 23. Rf2 Qe3 24. Qe2 Qxg3 25. e5 Nxe5 26. Ne4 Qh4 27. Ra3 f5 28. Nxd6 g3 29. Kf1 gxf2 30. Rh3 Qf4 31. Qd1 Ng4 32. Nc4 Nh2+ 33. Rxh2 Qxh2 34. Qf3 Re8 0-1


[Site "https://www.chess.com"]

[Event "Titled Tuesday Blitz December 20 Late 2022"]
[White "Sjugirov, Sanan"]
[Black "Mikhailov, Viacheslav"]
[WhiteFideId "4189302"]
[BlackFideId "4187369"]
[WhiteElo "2613"]
[BlackElo "2381"]
[Result "1-0"]
[Round "03"]
[TimeControl "180+1"]
[Date "2022.12.20"]
[WhiteClock "0:00:10"]
[BlackClock "0:00:20"]

1. d4 Nf6 2. c4 g6 3. Nc3 Bg7 4. e4 O-O 5. Nf3 d6 6. Be2 Bg4 7. Be3 Nbd7 8. h3 Bxf3 9. Bxf3 c5 10. d5 a6 11. O-O Ne8 12. Qd2 Nc7 13. Be2 b5 14. cxb5 axb5 15. Nxb5 Nxb5 16. Bxb5 Qc7 17. a4 Rfb8 18. Rab1 Ne5 19. Rfc1 Rxb5 20. axb5 Qb7 21. b4 c4 22. f4 Nd7 23. Rxc4 Qxb5 24. Rbc1 h5 25. Rc8+ Rxc8 26. Rxc8+ Kh7 27. Rc7 Bf6 28. Bd4 h4 29. Kh2 Kg7 30. Rxd7 Qxd7 31. e5 dxe5 32. fxe5 Bxe5+ 33. Bxe5+ f6 34. Bf4 g5 35. Be3 Qf5 36. b5 Qe5+ 37. Kh1 Qa1+ 38. Bg1 g4 39. hxg4 Qb1 40. b6 Kf7 41. Qe3 Qb4 42. Qe6+ Kf8 43. d6 exd6 44. Qc8+ Kg7 45. b7 h3 46. Qd7+ Kh6 47. Be3+ Kg6 48. Qf5+ Kf7 49. gxh3 Qxb7+ 50. Kh2 Qb2+ 51. Qf2 Qe5+ 52. Qf4 Qb2+ 53. Kg3 Kg7 54. Qh6+ Kf7 55. Qh7+ Ke6 56. Qe4+ Kf7 57. Qd5+ Kg6 58. Qxd6 Qb1 59. Qf4 Qe1+ 60. Bf2 Qc3+ 61. Qf3 Qc7+ 62. Kg2 Qc8 63. Qf5+ Qxf5 64. gxf5+ Kxf5 65. Kg3 Kg5 66. h4+ Kf5 67. Kf3 Kg6 68. Kg4 1-0


[Site "https://www.chess.com"]

[Event "Titled Tuesday Blitz December 20 Late 2022"]
[White "Skotheim, Andreas"]
[Black "Zhigalko, Sergei"]
[WhiteFideId "1518526"]
[BlackFideId "13502956"]
[WhiteElo "2128"]
[BlackElo "2662"]
[Result "0-1"]
[Round "03"]
[TimeControl "180+1"]
[Date "2022.12.20"]
[WhiteClock "0:00:03"]
[BlackClock "0:00:39"]

1. e4 c5 2. Nf3 Nc6 3. Bb5 Nf6 4. e5 Nd5 5. Nc3 Nc7 6. Bxc6 dxc6 7. d3 h6 8. h3 Bf5 9. Qe2 Ne6 10. O-O g5 11. Ne4 Bg7 12. Re1 Qc7 13. Bd2 Rd8 14. Qe3 b6 15. Ng3 Bg6 16. h4 g4 17. Nh2 h5 18. Bc3 Bh6 19. Qe2 Bf4 20. Nhf1 O-O 21. Bd2 Nd4 22. Qd1 Bxe5 23. Bh6 Rfe8 24. Qd2 Ne6 25. Re2 c4 26. Rae1 Bf4 27. Bxf4 Nxf4 28. Re5 Ne6 29. Rxe6 fxe6 30. Qh6 Kf7 31. Rxe6 Kxe6 32. Qxg6+ Kd7 33. Qf5+ e6 34. Qf7+ Kc8 35. Qxh5 cxd3 36. cxd3 Qg7 0-1


[Site "https://www.chess.com"]

[Event "Titled Tuesday Blitz December 20 Late 2022"]
[White "Sohal, Tanraj"]
[Black "Rengifo Blancas, Renzo Jhonathan"]
[WhiteFideId "2608499"]
[BlackFideId "3807185"]
[WhiteElo "2203"]
[BlackElo "2058"]
[Result "0-1"]
[Round "03"]
[TimeControl "180+1"]
[Date "2022.12.21"]
[WhiteClock "0:00:12"]
[BlackClock "0:00:08"]

1. d4 d5 2. Nf3 c6 3. g3 e6 4. Bg2 Nf6 5. O-O Nbd7 6. Nbd2 Bd6 7. c4 O-O 8. Qc2 Re8 9. e4 dxe4 10. Nxe4 Nxe4 11. Qxe4 Nf6 12. Qe2 h6 13. b3 a5 14. Bb2 Qc7 15. Rfe1 a4 16. Ne5 Bb4 17. Rec1 a3 18. Bc3 Bxc3 19. Rxc3 c5 20. Rd1 Qa5 21. Rcc1 Rb8 22. dxc5 Qxc5 23. h4 Qe7 24. Rd2 Nd7 25. Rcd1 Nf8 26. f4 f6 27. Nf3 Bd7 28. Nd4 e5 29. Bd5+ Kh8 30. fxe5 fxe5 31. Nf3 Bg4 32. Qe3 e4 33. Nd4 Bxd1 34. Rxd1 Nd7 35. Ne6 Nf6 36. Nf4 Ng4 37. Qe2 Qc5+ 38. Kh1 Nf2+ 39. Kg2 Nxd1 40. Qxd1 Kh7 41. Qh5 Qf8 42. Qg6+ Kh8 43. Bxe4 Rxe4 44. Qxe4 Qf7 45. Ng6+ Kg8 46. Ne7+ Kh8 47. Ng6+ Kg8 48. Ne5 Qe6 49. Qd4 Re8 50. Nd3 Qe4+ 51. Qxe4 Rxe4 52. Kf3 Rd4 53. Ke3 Rd8 54. Nc5 b6 55. Na4 Re8+ 56. Kd3 Rf8 57. Ke3 Re8+ 0-1


[Site "https://www.chess.com"]

[Event "Titled Tuesday Blitz December 20 Late 2022"]
[White "Solon, Nathan"]
[Black "Makarian, Rudik"]
[WhiteFideId "2017229"]
[BlackFideId "44105681"]
[WhiteElo "2650"]
[BlackElo "2440"]
[Result "0-1"]
[Round "03"]
[TimeControl "180+1"]
[Date "2022.12.20"]
[WhiteClock "0:00:09"]
[BlackClock "0:01:01"]

1. Nf3 Nf6 2. g3 b5 3. Bg2 Bb7 4. O-O e6 5. a4 b4 6. b3 Be7 7. Bb2 O-O 8. d3 c5 9. e4 Nc6 10. Nbd2 d5 11. e5 Nd7 12. Re1 Qc7 13. h4 Rfc8 14. Nf1 a5 15. h5 h6 16. N1h2 Qd8 17. Ng4 Nf8 18. Qd2 Nh7 19. Rad1 Rc7 20. Bc1 Rac8 21. Qe2 Bf8 22. Bf4 Ne7 23. Nh4 Rd7 24. Qd2 Nc6 25. Nf3 Rcc7 26. Kh2 c4 27. d4 cxb3 28. cxb3 Ne7 29. Bf1 Rc3 30. Re3 Rdc7 31. Bd3 Nf5 32. Ree1 Rxb3 33. Bxf5 Rxf3 34. Bb1 Rfc3 35. Re3 Rxe3 36. Bxe3 Ng5 37. Bxg5 Qxg5 38. Qd3 Qxh5+ 39. Kg2 Qf5 40. Qe2 Ba6 41. Qxa6 Qxg4 42. Qd3 g6 43. Rh1 Rc3 44. Qd2 Qf3+ 45. Kg1 h5 46. Rh4 Rb3 47. Bc2 Qc3 48. Qxc3 Rxc3 0-1


[Site "https://www.chess.com"]

[Event "Titled Tuesday Blitz December 20 Late 2022"]
[White "Song, Guannan Terry"]
[Black "Rangel, Daniel"]
[WhiteFideId "2614189"]
[BlackFideId "2124475"]
[WhiteElo "2115"]
[BlackElo "2225"]
[Result "1-0"]
[Round "03"]
[TimeControl "180+1"]
[Date "2022.12.21"]
[WhiteClock "0:00:09"]
[BlackClock "0:00:06"]

1. e4 c5 2. Nc3 g6 3. f4 Bg7 4. Nf3 e6 5. e5 d5 6. d4 Ne7 7. dxc5 O-O 8. Bd3 Nd7 9. Be3 Qc7 10. Nb5 Qa5+ 11. c3 Nf5 12. Bf2 a6 13. b4 Qd8 14. Bxf5 axb5 15. Bd3 Qc7 16. O-O b6 17. Bxb5 bxc5 18. Bxd7 Bxd7 19. Bxc5 Rfc8 20. a4 Bf8 21. Bd4 Qc4 22. Nd2 Qd3 23. Rf3 Qa6 24. a5 Qc6 25. Nb3 Qc4 26. Nc5 Bb5 27. Qf1 Qxf1+ 28. Rfxf1 Bxf1 29. Kxf1 Be7 30. Ke2 Rc6 31. Kd3 Kf8 32. Nd7+ Ke8 33. b5 Rc7 34. Nb6 Raa7 35. a6 Bc5 36. Na4 Bxd4 37. cxd4 Rc8 38. Nc5 Rb8 39. Nb7 Kd7 40. b6 Raxb7 41. axb7 Rxb7 42. Rb1 Kc6 43. Kc3 Rxb6 44. Rxb6+ Kxb6 45. Kb4 h6 46. g4 h5 47. gxh5 gxh5 48. h4 Kc6 49. Ka5 Kc7 50. Ka6 Kc6 51. Ka5 Kc7 52. Kb5 Kb7 53. Kc5 Kc7 54. f5 Kd7 55. fxe6+ Kxe6 56. Kc6 f6 57. exf6 Kxf6 58. Kxd5 Kf5 59. Kc6 Kg4 60. d5 Kxh4 61. d6 Kg3 62. d7 h4 63. d8=Q h3 64. Qd5 Kf2 65. Qh1 Kg3 66. Kd5 1-0


[Site "https://www.chess.com"]

[Event "Titled Tuesday Blitz December 20 Late 2022"]
[White "Steinberg, Nitzan"]
[Black "Haydon, David L"]
[WhiteFideId "2801795"]
[BlackFideId "415405"]
[WhiteElo "2491"]
[BlackElo "2318"]
[Result "1-0"]
[Round "03"]
[TimeControl "180+1"]
[Date "2022.12.20"]
[WhiteClock "0:02:24"]
[BlackClock "0:01:45"]

1. e4 c6 2. d3 d5 3. Nd2 Nf6 4. Ngf3 Bg4 5. h3 Bxf3 6. Qxf3 e6 7. Qe2 Qc7 8. g3 Nbd7 9. Bg2 dxe4 10. Nxe4 Nxe4 11. Bxe4 Bc5 12. c3 h6 13. d4 Be7 14. O-O Nf6 15. Bf3 O-O-O 16. a4 a6 17. b4 Nd5 18. Bd2 h5 19. b5 a5 20. bxc6 bxc6 21. Rab1 Kd7 22. c4 Nb4 23. d5 cxd5 24. cxd5 exd5 25. Qb5+ Qc6 26. Qxa5 Ra8 27. Qb5 Qxb5 28. axb5 Ra4 29. Bd1 Ra5 30. Bxb4 Rxb5 31. Ba4 1-0


[Site "https://www.chess.com"]

[Event "Titled Tuesday Blitz December 20 Late 2022"]
[White "Suder, Jakub"]
[Black "Zeman, Matyas"]
[WhiteFideId "1195310"]
[BlackFideId "364398"]
[WhiteElo "2245"]
[BlackElo "2254"]
[Result "1-0"]
[Round "03"]
[TimeControl "180+1"]
[Date "2022.12.21"]
[WhiteClock "0:01:08"]
[BlackClock "0:00:07"]

1. d4 e6 2. c4 d5 3. Nc3 c6 4. e4 dxe4 5. Nxe4 Bb4+ 6. Bd2 Qxd4 7. Bxb4 Qxe4+ 8. Be2 Na6 9. Ba5 b6 10. Qd6 Bd7 11. Rd1 O-O-O 12. Bc3 f6 13. Nf3 Nh6 14. Nd4 Nf5 15. Nxf5 exf5 16. f3 Qe6 17. Qa3 Kb7 18. Kf2 Rhe8 19. Rhe1 Qe3+ 20. Kf1 Be6 21. Rxd8 Rxd8 22. c5 b5 23. Bxb5 Qxe1+ 24. Kxe1 cxb5 25. c6+ Kb6 26. Qa5+ Kxc6 27. Qxd8 1-0


[Site "https://www.chess.com"]

[Event "Titled Tuesday Blitz December 20 Late 2022"]
[White "Sztokbant, Bernardo Vainzoff"]
[Black "Delorme, Alban"]
[WhiteFideId "2115956"]
[BlackFideId "623636"]
[WhiteElo "2222"]
[BlackElo "2196"]
[Result "1-0"]
[Round "03"]
[TimeControl "180+1"]
[Date "2022.12.21"]
[WhiteClock "0:00:38"]
[BlackClock "0:00:15"]

1. e4 c5 2. Nf3 d6 3. d4 cxd4 4. Nxd4 Nf6 5. Nc3 a6 6. Be2 e5 7. Nb3 Be7 8. O-O Be6 9. Qd3 Nbd7 10. Nd5 Bxd5 11. exd5 Rc8 12. c4 Nb6 13. Nd2 Nfd7 14. b4 O-O 15. a4 a5 16. bxa5 Nc5 17. Qc2 Nbd7 18. Nb3 Nxb3 19. Qxb3 Nc5 20. Qb5 f5 21. Rb1 e4 22. Ba3 Rb8 23. Rfd1 Bf6 24. Bxc5 dxc5 25. Qxc5 Be5 26. d6 Qf6 27. Rb5 Bc3 28. d7 f4 29. Qd5+ Kh8 30. Qxe4 b6 31. axb6 Rxb6 32. Rxb6 Qxb6 33. Qe8 Qd8 34. Qxf8+ Qxf8 35. d8=Q 1-0


[Site "https://www.chess.com"]

[Event "Titled Tuesday Blitz December 20 Late 2022"]
[White "Szyszylo, Rafal"]
[Black "Sebag, Marie"]
[WhiteFideId "1109626"]
[BlackFideId "617822"]
[WhiteElo "1981"]
[BlackElo "2440"]
[Result "1/2-1/2"]
[Round "03"]
[TimeControl "180+1"]
[Date "2022.12.21"]
[WhiteClock "0:00:17"]
[BlackClock "0:00:10"]

1. e4 d6 2. d4 Nf6 3. Nc3 g6 4. Nge2 Bg7 5. g3 O-O 6. Bg2 e5 7. h3 Nbd7 8. Be3 Re8 9. O-O exd4 10. Nxd4 Nc5 11. f3 c6 12. Qd2 b5 13. a3 Qc7 14. Rad1 Bb7 15. b4 Ncd7 16. Ncxb5 cxb5 17. Nxb5 Qc6 18. Nxd6 Nb6 19. Nxe8 Rxe8 20. Qd6 Qxc2 21. Bxb6 axb6 22. Qxb6 Qc8 23. Rd6 Nd7 24. Qb5 Ne5 25. Rfd1 Nc4 26. Rd7 Bc6 27. Qxc4 Bxd7 28. Qxc8 Bxc8 29. f4 Be6 30. e5 Rc8 31. Be4 Rc3 32. Rd3 Rc1+ 33. Kf2 Bf8 34. g4 Ra1 35. Ke3 Bc4 36. Rc3 Bb5 37. f5 Kg7 38. f6+ Kh6 39. h4 g5 40. h5 Re1+ 41. Kd4 Rd1+ 42. Ke3 Re1+ 43. Kd4 Rd1+ 44. Ke3 Re1+ 1/2-1/2


[Site "https://www.chess.com"]

[Event "Titled Tuesday Blitz December 20 Late 2022"]
[White "Tanenbaum, Zachary"]
[Black "Shapiro, Daniel"]
[WhiteFideId "2060850"]
[BlackFideId "2001780"]
[WhiteElo "2175"]
[BlackElo "2330"]
[Result "1-0"]
[Round "03"]
[TimeControl "180+1"]
[Date "2022.12.21"]
[WhiteClock "0:00:18"]
[BlackClock "0:00:01"]

1. e4 e5 2. Nf3 Nc6 3. Bc4 Be7 4. d4 d6 5. dxe5 dxe5 6. Qxd8+ Bxd8 7. O-O Nf6 8. Nc3 O-O 9. Be3 Re8 10. Ng5 Be6 11. Nxe6 fxe6 12. Rad1 a6 13. a4 Ng4 14. Bc1 Nd4 15. f3 Nf6 16. f4 Nc6 17. f5 Nd4 18. fxe6 Nxe6 19. Nd5 c6 20. Nxf6+ gxf6 21. Rd7 b5 22. axb5 axb5 23. Bb3 Kh8 24. Be3 Nd4 25. Bxd4 exd4 26. Rf3 c5 27. Rh3 Re7 28. Rxe7 Bxe7 29. Bd5 Ra1+ 30. Kf2 Rc1 31. Rg3 h6 32. Rg8+ Kh7 33. Rb8 Rxc2+ 34. Kf3 Rxb2 35. Rb7 d3 36. Rxe7+ Kg6 37. Be6 h5 38. Bf5+ Kg5 39. Rg7+ Kh6 40. Rh7+ Kg5 41. Kg3 h4+ 42. Kf3 1-0


[Site "https://www.chess.com"]

[Event "Titled Tuesday Blitz December 20 Late 2022"]
[White "Tatarinov, Dmitry"]
[Black "Reprintsev, Alexander"]
[WhiteFideId "24160067"]
[BlackFideId "14100541"]
[WhiteElo "2326"]
[BlackElo "2230"]
[Result "1-0"]
[Round "03"]
[TimeControl "180+1"]
[Date "2022.12.21"]
[WhiteClock "0:01:16"]
[BlackClock "0:00:46"]

1. d4 d5 2. c4 e5 3. dxe5 d4 4. Nf3 Nc6 5. a3 g6 6. Nbd2 Bg7 7. g3 Nh6 8. Bg2 O-O 9. O-O Re8 10. b4 a5 11. b5 Nxe5 12. Nxe5 Bxe5 13. Nf3 Bg7 14. Bg5 Qd6 15. Qd2 Nf5 16. Bf4 Qc5 17. a4 Be6 18. Rfc1 c6 19. Ne1 Rac8 20. Nd3 Qe7 21. bxc6 bxc6 22. Qxa5 Bd7 23. Bf3 h5 24. h4 c5 25. Qd2 Bc6 26. a5 Bxf3 27. exf3 Rc6 28. a6 Ra8 29. a7 Rxa7 30. Rxa7 Qxa7 31. Rb1 Rc8 32. Rb5 Bf8 33. Kg2 Nd6 34. Bxd6 Bxd6 35. Qe2 Bf8 36. f4 Qa8+ 37. Qf3 Qa2 38. Qd5 Qc2 39. Rb7 1-0


[Site "https://www.chess.com"]

[Event "Titled Tuesday Blitz December 20 Late 2022"]
[White "TheKnightOfBosnia"]
[Black "Itkis, Boris"]
[BlackFideId "1209167"]
[WhiteElo "2458"]
[BlackElo "2216"]
[Result "0-1"]
[Round "03"]
[TimeControl "180+1"]
[Date "2022.12.21"]
[WhiteClock "0:01:20"]
[BlackClock "0:00:53"]

1. e4 e5 2. Nf3 Nc6 3. Bb5 a6 4. Ba4 d6 5. c3 f5 6. d3 Nf6 7. Nbd2 Be7 8. O-O O-O 9. Qe2 Kh8 10. h3 Bd7 11. Bc2 f4 12. d4 Rg8 13. Nc4 b5 14. dxe5 bxc4 15. exf6 Bxf6 16. Bxf4 Rb8 17. Rab1 g5 18. Bg3 g4 19. hxg4 Bxg4 20. Qxc4 Bxf3 21. Qxc6 Be5 22. gxf3 Qh4 23. f4 Rxg3+ 24. fxg3 Qxg3+ 25. Kh1 Qh3+ 26. Kg1 Qg3+ 27. Kh1 Qh3+ 28. Kg1 Rg8+ 29. Kf2 Rg2+ 30. Ke1 Qe3+ 31. Kd1 Qd2# 0-1


[Site "https://www.chess.com"]

[Event "Titled Tuesday Blitz December 20 Late 2022"]
[White "Thomforde-Toates, Noah"]
[Black "Vega Gutierrez, Sabrina"]
[WhiteFideId "30951992"]
[BlackFideId "2219026"]
[WhiteElo "2603"]
[BlackElo "2261"]
[Result "0-1"]
[Round "03"]
[TimeControl "180+1"]
[Date "2022.12.21"]
[WhiteClock "0:00:38"]
[BlackClock "0:00:15"]

1. d4 d5 2. Nc3 Nf6 3. Bf4 a6 4. e3 e6 5. Bd3 c5 6. dxc5 Bxc5 7. Nf3 Nc6 8. O-O O-O 9. e4 d4 10. Ne2 h6 11. a3 Re8 12. b4 Bb6 13. e5 Nd5 14. Bg3 Nc3 15. Qd2 Nxe2+ 16. Qxe2 Ne7 17. Bh4 Qd5 18. Bxe7 Rxe7 19. Rad1 Bd7 20. c4 Qc6 21. Be4 Qc7 22. c5 Ba7 23. Nxd4 Ba4 24. Rd2 Rd8 25. Bb1 Red7 26. Qe4 g6 27. h4 Rd5 28. f4 Qd7 29. h5 Rxd4 30. Rxd4 Qxd4+ 31. Qxd4 Rxd4 32. hxg6 Bc6 33. gxf7+ Kxf7 34. f5 Rd2 35. fxe6+ Kxe6 36. Bh7 Rxg2+ 37. Kh1 Rg7+ 38. Kh2 Rxh7 39. Rf8 Kxe5 40. Ra8 Kd4 41. Rxa7 Rh8 42. a4 Kc4 43. b5 axb5 44. axb5 Kxb5 45. Ra1 Kxc5 46. Rc1+ Kd6 47. Rd1+ Kc7 48. Re1 b5 49. Kg3 Kb6 50. Kf4 Rf8+ 51. Kg3 b4 52. Kg4 Kb5 53. Rb1 Bd5 54. Re1 Bc4 55. Re5+ Ka4 56. Re4 Rc8 57. Re3 b3 58. Re7 b2 59. Ra7+ Kb3 60. Rb7+ Kc2 61. Kh5 b1=Q 62. Rxb1 Kxb1 63. Kxh6 Rg8 64. Kh7 Rg1 65. Kh6 Kc2 66. Kh5 Kd3 67. Kh4 Ke4 68. Kh3 Kf3 69. Kh2 Rg8 70. Kh1 Kf2 71. Kh2 Rh8# 0-1


[Site "https://www.chess.com"]

[Event "Titled Tuesday Blitz December 20 Late 2022"]
[White "Tologon tegin, Semetei"]
[Black "Li, Hui"]
[WhiteFideId "13800574"]
[BlackFideId "15400310"]
[WhiteElo "2264"]
[BlackElo "1954"]
[Result "1-0"]
[Round "03"]
[TimeControl "180+1"]
[Date "2022.12.21"]
[WhiteClock "0:01:36"]
[BlackClock "0:00:02"]

1. e4 e5 2. Nc3 Nf6 3. f4 d5 4. fxe5 Nxe4 5. Nf3 Be7 6. Qe2 Nxc3 7. dxc3 c5 8. Bf4 Nc6 9. O-O-O Be6 10. Qf2 Qa5 11. a3 O-O 12. h4 Rfd8 13. Ng5 b5 14. Qe2 b4 15. cxb4 cxb4 16. Qh5 h6 17. Nxe6 fxe6 18. a4 Qxa4 19. Qg6 Rac8 20. Bd3 Qa1+ 21. Kd2 Qxb2 22. Rhf1 Qc3+ 23. Ke3 Qd4+ 24. Ke2 Nxe5 25. Qh7+ Kf7 26. Bxe5+ Ke8 27. Bb5+ 1-0


[Site "https://www.chess.com"]

[Event "Titled Tuesday Blitz December 20 Late 2022"]
[White "Torres Dominguez, David"]
[Black "Martinez Reyes, Pedro Ramon"]
[WhiteFideId "2220857"]
[BlackFideId "3901807"]
[WhiteElo "2037"]
[BlackElo "2354"]
[Result "0-1"]
[Round "03"]
[TimeControl "180+1"]
[Date "2022.12.21"]
[WhiteClock "0:00:01"]
[BlackClock "0:01:00"]

1. e4 e6 2. d4 d5 3. exd5 exd5 4. Bd3 Nf6 5. h3 Nc6 6. Qf3 Nxd4 7. Qe3+ Qe7 8. Nc3 c6 9. Nge2 Nxe2 10. Nxe2 Qxe3 11. Bxe3 Bd6 12. O-O-O O-O 13. Nd4 Re8 14. Nb3 a5 15. a4 Bd7 16. Bb6 Ne4 17. Rhf1 Bf5 18. Nxa5 Bf4+ 19. Kb1 Nd2+ 20. Rxd2 Bxd2 21. Bxf5 Bxa5 22. Bd4 Re1+ 23. Rxe1 Bxe1 24. b3 Bb4 25. c3 Bf8 26. Kc2 g6 27. Bg4 Bg7 28. Bb6 h5 29. Bf3 Re8 30. a5 Bf6 31. b4 Bd8 32. Bc5 Be7 33. Bd4 Bd6 34. Kd3 Kf8 35. Be2 Ke7 36. f3 Kd7 37. Be3 Be5 38. Bd2 Bg3 39. Bd1 Bf2 40. Bb3 Be1 41. b5 Bxd2 42. Kxd2 Ra8 43. a6 bxa6 44. bxc6+ Kxc6 45. Kd3 Kc5 46. Ba4 a5 47. g4 h4 48. g5 Rb8 49. Bd7 Kd6 50. Ba4 Ke5 51. Bd7 Rb7 52. Bc6 Rc7 53. Be8 Re7 0-1


[Site "https://www.chess.com"]

[Event "Titled Tuesday Blitz December 20 Late 2022"]
[White "Tristan, Leonardo"]
[Black "Foerster-Yialamas, Lucas"]
[WhiteFideId "113816"]
[BlackFideId "30901774"]
[WhiteElo "2461"]
[BlackElo "2067"]
[Result "1-0"]
[Round "03"]
[TimeControl "180+1"]
[Date "2022.12.21"]
[WhiteClock "0:01:45"]
[BlackClock "0:00:11"]

1. d4 e6 2. Nf3 Nf6 3. Bf4 c5 4. e3 Nc6 5. c3 d5 6. Nbd2 Bd6 7. Bg3 cxd4 8. exd4 O-O 9. Bd3 Ne7 10. O-O Ng6 11. Re1 Re8 12. Bxd6 Qxd6 13. Ne5 Nd7 14. Qh5 Ndxe5 15. dxe5 Qe7 16. Nf3 Bd7 17. Ng5 h6 18. Nxf7 Nf4 19. Nxh6+ gxh6 20. Qxh6 Nxg2 21. Kxg2 Qg7+ 22. Qxg7+ Kxg7 23. Kg3 Rh8 24. h4 Rag8 25. Be2 Kf7+ 26. Bg4 Ke7 27. Rh1 Be8 28. f3 Rg7 29. Rag1 Bh5 30. Kf2 Rf7 31. Ke3 Rfh7 32. f4 Bf7 33. h5 Bxh5 34. Bxh5 Rxh5 35. Rxh5 Rxh5 36. Rg7+ Kd8 37. Rxb7 a5 38. Kd4 Rf5 39. Kc5 Rxf4 40. Kd6 Kc8 41. Rb5 Ra4 42. a3 d4 43. cxd4 Rxd4+ 44. Kxe6 a4 45. Rb4 Rd2 46. Ke7 Re2 47. e6 Kc7 48. Rc4+ Kb7 49. Kd7 Rxb2 50. e7 Rd2+ 51. Ke6 Re2+ 52. Kd6 Re3 53. Rxa4 Kb6 54. Rb4+ Ka5 55. Rd4 Kb6 56. Kd7 Rxa3 57. e8=Q Ra7+ 58. Kd6 Ra6 59. Qc6+ Ka7 60. Qxa6+ Kxa6 61. Rb4 Ka5 62. Kc5 Ka6 63. Rb5 Ka7 64. Rb6 Ka8 65. Kc6 Ka7 66. Kc7 Ka8 67. Ra6# 1-0


[Site "https://www.chess.com"]

[Event "Titled Tuesday Blitz December 20 Late 2022"]
[White "Tymrakiewicz, Rafal"]
[Black "Gorodetzky, David"]
[WhiteFideId "1108832"]
[BlackFideId "2813416"]
[WhiteElo "2139"]
[BlackElo "2484"]
[Result "0-1"]
[Round "03"]
[TimeControl "180+1"]
[Date "2022.12.21"]
[WhiteClock "0:00:01"]
[BlackClock "0:01:20"]

1. d4 Nf6 2. Bg5 c5 3. d5 e6 4. Nc3 exd5 5. Nxd5 Be7 6. Nxe7 Qxe7 7. Nf3 O-O 8. e3 Nc6 9. c3 d6 10. Be2 Bf5 11. O-O h6 12. Bh4 Rfd8 13. Qa4 g5 14. Bg3 Ne4 15. Rad1 a6 16. Qb3 Be6 17. Qc2 Nxg3 18. hxg3 Kg7 19. e4 Ne5 20. Rd2 Nc4 21. Bxc4 Bxc4 22. Rfd1 f6 23. b3 Bf7 24. c4 Bg6 25. Re2 Rd7 26. Nd2 Re8 27. g4 d5 28. cxd5 Rxd5 29. Rde1 Rd4 30. f3 b5 31. Nf1 c4 32. Ne3 Qc5 33. Kh1 c3 34. a3 a5 35. Nd5 Rxd5 36. exd5 Bxc2 37. Rxe8 Bg6 38. R8e7+ Bf7 39. Rb7 c2 40. Ree7 c1=Q+ 41. Kh2 Q1g1+ 42. Kh3 Qh1+ 43. Kg3 Qh4# 0-1


[Site "https://www.chess.com"]